AoeStats
← NoWallingPlz

Arabia

509380977Analyzed
4v4 RM · 6d ago on Sep 26, 2026· 44m 16s· 8 players
Game mode
Random Map
Map size
Large (8 player)
Population
200
Speed
Normal
Resources
Standard
Victory
Conquest
Starting age
Dark Age
Ending age
Imperial Age
RankedLock teamsTeams togetherTeam positionsShared explorationLock speedFull tech treeHidden civsTurbo modeCheats
Victory
Defeat
🇻🇳 Burgundians · Vietnam
1781
+9
🇺🇸 Romans · United States
1698
+12
🇦🇺 Japanese · Australia
1691
+13
🇻🇳 Burmese · Vietnam
1642
+15
🇩🇪 Poles · Germany
1627
-13
🇹🇷 Khitans · Türkiye
1625
-12
🇦🇷 Cumans · Argentina
1620
-12
🇹🇼 Dravidians · Taiwan
1611
-12
NoWallingPlz
6:20 Loom
8:57 Feudal Age
10:09 Double-Bit Axe
12:56 Fletching
18:38 Wheelbarrow
21:01 Padded Archer Armor
23:39 Castle Age
22:10 Padded Archer Armor
22:11 Town Watch
22:56 Horse Collar
23:09 Gold Mining
23:39 Crossbowman
24:15 Bodkin Arrow
27:04 Leather Archer Armor
32:22 Ballistics
37:31 Imperial Age
36:30 Scale Barding Armor
37:16 Man-at-Arms
38:42 Heavy Scorpion
40:51 Chemistry
42:02 Chain Barding Armor
44:35 Siege Engineers
MrDoDo
8:26 Feudal Age
8:51 Loom
8:52 Double-Bit Axe
8:48 Horse Collar
10:38 Horse Collar
15:29 Scale Barding Armor
20:55 Castle Age
19:35 Forging
19:18 Gold Mining
20:06 Bloodlines
23:35 Fletching
23:46 Husbandry
24:02 Bow Saw
24:43 Bodkin Arrow
24:48 Padded Archer Armor
28:13 Ballistics
29:42 Wheelbarrow
30:43 Thumb Ring
42:13 Imperial Age
39:58 Hand Cart
41:19 Town Watch
43:06 Bracer
44:07 Chemistry
43:51 Leather Archer Armor
44:06 Parthian Tactics
Đam Mê Game
4:50 Double-Bit Axe
6:28 Loom
8:47 Feudal Age
9:54 Bow Saw
14:01 Horse Collar
14:56 Fletching
22:55 Castle Age
21:10 Heavy Plow
21:16 Gold Mining
22:48 Wheelbarrow
22:29 Padded Archer Armor
23:21 Gold Shaft Mining
22:57 Crossbowman
23:45 Bodkin Arrow
25:23 Ballistics
26:52 Hand Cart
27:17 Stone Mining
38:06 Stone Shaft Mining
40:36 Imperial Age
38:37 Scale Barding Armor
38:59 Cavalier
40:01 Chain Barding Armor
39:55 Husbandry
40:27 Forging
40:43 Paladin
42:08 Plate Barding Armor
42:50 Two-Man Saw
42:55 Stone Shaft Mining
43:53 Iron Casting
VNS_Alibaba_
6:05 Loom
8:45 Feudal Age
15:48 Scale Barding Armor
17:19 Bloodlines
17:59 Forging
22:55 Castle Age
21:05 Horse Collar
21:45 Gold Mining
22:49 Wheelbarrow
23:59 Chain Barding Armor
24:36 Iron Casting
24:07 Husbandry
24:47 Heavy Plow
29:12 Iron Casting
31:50 Town Watch
35:34 Fletching
36:35 Hand Cart
41:37 Imperial Age
39:48 Stone Mining
41:59 Elite Battle Elephant
43:45 Plate Barding Armor
康寶羊
6:01 Loom
8:56 Feudal Age
9:24 Double-Bit Axe
14:24 Scale Barding Armor
18:22 Forging
26:39 Castle Age
26:03 Bloodlines
27:38 Wheelbarrow
26:52 Horse Collar
28:37 Chain Barding Armor
30:04 Gold Mining
31:39 Gold Shaft Mining
33:34 Iron Casting
33:22 Hand Cart
34:43 Heavy Plow
35:04 Bow Saw
44:37 Imperial Age
42:00 Stone Mining
Sumi
6:57 Loom
9:21 Feudal Age
10:01 Double-Bit Axe
11:43 Fletching
16:06 Padded Archer Armor
20:21 Wheelbarrow
24:10 Castle Age
22:21 Horse Collar
24:13 Crossbowman
24:50 Bodkin Arrow
26:34 Ballistics
31:49 Bow Saw
32:31 Leather Archer Armor
33:08 Thumb Ring
34:39 Heavy Plow
39:33 Imperial Age
39:35 Arbalester
40:19 Bracer
41:54 Chemistry
42:33 Ring Archer Armor
🦌 Jolly Jumper
6:36 Loom
8:47 Feudal Age
9:43 Double-Bit Axe
10:27 Horse Collar
12:26 Wheelbarrow
15:51 Scale Barding Armor
18:11 Gold Mining
18:37 Forging
22:09 Castle Age
21:11 Bloodlines
21:08 Stone Mining
22:12 Light Cavalry
22:52 Husbandry
23:06 Bow Saw
23:32 Stone Shaft Mining
23:24 Chain Barding Armor
23:31 Heavy Plow
29:33 Szlachta Privileges
30:17 Iron Casting
35:09 Fletching
41:52 Bodkin Arrow
Sekov
6:21 Loom
8:42 Feudal Age
11:37 Fletching
14:22 Double-Bit Axe
18:40 Padded Archer Armor
18:35 Domestication
25:19 Castle Age
24:00 Gold Mining
24:51 Wheelbarrow
25:22 Crossbowman
25:31 Crossbowman
26:06 Bodkin Arrow
26:40 Leather Archer Armor
28:57 Ballistics
29:39 Pastoralism
29:50 Bow Saw
32:19 Thumb Ring
35:54 Stone Mining
38:29 Hand Cart
42:24 Imperial Age
40:06 Town Watch
41:30 Elite Skirmisher
42:16 Heavy Cavalry Archer
43:32 Conscription
44:02 Husbandry
45:06 Two-Man Saw
44:57 Parthian Tactics
44:41 Bracer
45:13 Ring Archer Armor
Connection lost

Rejoining the realm…

Still unreachable

The connection could not be restored.

Session expired

The server has moved on; the page needs a fresh start.